 Dungeon Crawl Stone Soup version 0.27-a0-1557-g57f10a385c (webtiles) character file.

Game seed: 9684478297998062836

48139 Anon1729 the Basher (level 14, -2/102 HPs)
             Began as a Formicid Delver on July 15, 2021.
             Was the Champion of Hepliaklqana.
             Slain by Rupert (10 damage)
             ... on level 4 of the Lair of Beasts on July 16, 2021.
             The game lasted 00:58:23 (18319 turns).

Anon1729 the Basher (Formicid Delver)              Turns: 18319, Time: 00:58:24

Health: -2/102     AC: 11    Str: 26    XL:     14   Next: 85%
Magic:  23/23      EV: 13    Int: 12    God:    Hepliaklqana [******]
Gold:   678        SH:  0    Dex: 12    Spells: 13/13 levels left

rFire    . . .     SeeInvis +   s - +2 dire flail
rCold    . . .     Faith    .   (no shield)
rNeg     . . .     Spirit   .   E - +1 troll leather armour
rPois    .         Reflect  .   (helmet unavailable)
rElec    .         Harm     .   U - +1 cloak
rCorr    .         Rampage  .   A - +0 pair of gloves
Will     +....                  (no boots)
Stlth    ++++......             p - amulet of regeneration
HPRegen  2.27/turn              M - +6 ring of strength
MPRegen  0.18/turn              a - +4 ring of slaying

@: studying Translocations
A: reduced essence, permanent stasis, dig shafts and tunnels, antennae 3, four
strong arms
a: Dig, Shaft Self, Renounce Religion, Recall Ancestor, Ancestor Identity,
Transference, Idealise


You were on level 4 of the Lair of Beasts.
You worshipped Hepliaklqana.
Hepliaklqana was exalted by your worship.
You visited 2 branches of the dungeon, and saw 17 of its levels.
You also visited: Sewer.

You collected 1136 gold pieces.
You spent 458 gold pieces at shops.

Inventory:

Hand Weapons
 s - a +2 dire flail (weapon)
 H - a +1 flail of venom
 J - a +0 dire flail of draining
Missiles
 K - 2 curare-tipped darts
Armour
 A - a +0 pair of gloves (worn)
 E - a +1 troll leather armour (worn)
 U - a +1 cloak (worn)
 Y - the +4 chain mail of Stained Surprise {Stlth+}
   (You found it on level 12 of the Dungeon)

   Stlth:     It makes you more stealthy.
Magical Staves
 z - a staff of poison
Jewellery
 a - a +4 ring of slaying (right hand)
 h - a ring of protection from cold
 p - an amulet of regeneration (around neck)
 F - an amulet of guardian spirit
 I - a ring of protection from fire
 M - a +6 ring of strength (left hand)
 R - a ring of poison resistance
 V - a ring of positive energy
 W - a ring of fire
Wands
 f - a wand of digging (3)
 g - a wand of flame (8)
 t - a wand of mindburst (10)
 y - a wand of iceblast (31)
 L - a wand of polymorph (17)
 P - a wand of paralysis (8)
 T - a wand of acid (11)
 X - a wand of charming (16)
Scrolls
 b - a scroll of vulnerability
 c - 2 scrolls of fog
 d - 3 scrolls of magic mapping
 e - 2 scrolls of fear
 l - 2 scrolls of enchant armour
 m - a scroll of brand weapon
 n - 2 scrolls of summoning
 o - 2 scrolls of enchant weapon
 r - 2 scrolls of identify
 x - a scroll of immolation
 G - a scroll of holy word
 Q - 3 scrolls of silence
 Z - 3 scrolls of amnesia
Potions
 i - 2 potions of invisibility
 j - 4 potions of brilliance
 k - 3 potions of cancellation
 q - 9 potions of curing
 u - 4 potions of heal wounds
 v - 3 potions of flight
 B - 8 potions of ambrosia
 D - 5 potions of mutation
 N - 2 potions of lignification
 O - a potion of might
 S - a potion of attraction


   Skills:
 + Level 11.6 Fighting
 + Level 14.7 Maces & Flails
 + Level 12.0 Armour
 - Level 5.0 Dodging
 - Level 9.1 Stealth
 + Level 12.8 Invocations
 + Level 3.6 Evocations


You had 13 spell levels left.
You didn't know any spells.
Your spell library contained the following spells:

 Spells                   Type           Power      Damage    Failure   Level
 Sting                    Tmut/Pois      0%         1d3       36%         1
 Summon Small Mammal      Summ           0%         N/A       36%         1
 Passwall                 Tmut/Erth      0%         N/A       50%         2
 Poisonous Vapours        Pois/Air       0%         N/A       50%         2
 Slow                     Hex            0%         N/A       50%         2
 Call Canine Familiar     Summ           0%         N/A       73%         3
 Confusing Touch          Hex            0%         N/A       73%         3
 Portal Projectile        Hex/Tloc       0%         N/A       73%         3
 Summon Guardian Golem    Hex/Summ       0%         N/A       73%         3
 Animate Dead             Necr           0%         N/A       98%         4
 Olgreb's Toxic Radiance  Pois           0%         N/A       98%         4
 Alistair's Intoxication  Tmut/Pois      0%         N/A       100%        5
 Blade Hands              Tmut           0%         N/A       100%        5
 Borgnjor's Vile Clutch   Necr/Erth      0%         N/A       100%        5
 Excruciating Wounds      Necr           0%         N/A       100%        5
 Manifold Assault         Tloc           0%         N/A       100%        5
 Yara's Violent Unravell  Hex/Tmut       0%         3d3       100%        5
 Death Channel            Necr           0%         N/A       100%        6
 Dispersal                Tloc           0%         N/A       100%        6
 Eringya's Noxious Bog    Tmut/Pois      0%         N/A       100%        6
 Invisibility             Hex            0%         N/A       100%        6
 Swiftness                Air            Unusable   N/A       N/A         3

Dungeon Overview and Level Annotations

Branches:
Dungeon (13/15)            Temple (0/1) D:5            Lair (4/6) D:10
 Spider (0/4) Lair:3          Orc (0/2) D:12          Sewer (visited)
  Swamp: Lair:2-4    Shoals: Lair:2-4    Vaults: D:13-14

Altars:
Cheibriados
Dithmenos
Elyvilon
Fedhas
Gozag
Hepliaklqana
Kikubaaqudgha
Makhleb
Okawaru
Sif Muna
Trog
Uskayaw
Yredelemnul
Zin

Shops:
D:5 ([[   D:6 [   D:9 :   D:11 !

Portals:
Trove: D:13 (give +3 shadow dragon scales)

Annotations:
D:8 3 runed translucent doors, bmj180's ghost, novice DrCj
Lair:4 Rupert


Innate Abilities, Weirdness & Mutations

Your life essence is reduced to manifest your ancestor. (-10% HP)
You cannot be hasted, slowed, berserked, paralysed or teleported.
You can dig through walls and to a lower floor.
You have a pair of large antennae on your head. (SInv)
Your four strong arms can wield two-handed weapons with a shield.


Message History

Rupert shouts!
Rupert roars wildly at you. You resist with significant effort.
Rupert roars madly and goes into a rage!
Rupert goes berserk!
Aiming: Polymorph
Press: ? - help, Shift-Dir - straight line, f - Rupert
Aim: Rupert, wielding a +3 vorpal great sword and wearing a +1 ring mail of willpower (berserk, will become a shock serpent, an alligator snapping turtle, or an iron troll, chance to affect: 0%)
Okay, then.
Aiming: Mindburst
Press: ? - help, Shift-Dir - straight line, f - Rupert
Aim: Rupert, wielding a +3 vorpal great sword and wearing a +1 ring mail of willpower (berserk, chance to affect: 1%)
Okay, then.
Aiming: Corrosive Bolt
Press: ? - help, Shift-Dir - straight line, f - Rupert
Aim: Rupert, wielding a +3 vorpal great sword and wearing a +1 ring mail of willpower (berserk, 77% to hit)
The bolt of acid hits Rupert!
Rupert is splashed with acid.
The acid corrodes Rupert!
Rupert is lightly wounded.
Rupert rages.
Rupert hits you with a +3 vorpal great sword!!
Rupert hits Xiloxoch with a +3 vorpal great sword!!
Xiloxoch hits Rupert with a +0 dagger of draining!
Xiloxoch gestures at Rupert while chanting.
Rupert resists with almost no effort.
Rupert closely misses Xiloxoch.
Rupert hits Xiloxoch with a +3 vorpal great sword!!
Xiloxoch is destroyed!
Aiming: Corrosive Bolt
Press: ? - help, Shift-Dir - straight line, f/p - Rupert
Aim: Rupert, wielding a +3 vorpal great sword and wearing a +1 ring mail of willpower (lightly wounded, berserk, unaware, covered in acid, hasn't noticed you, 77% to hit)
The bolt of acid misses Rupert.
Rupert shouts!
Rupert rages.
Are you sure you want to shaft yourself?
Rupert hits you with a +3 vorpal great sword!!!
You begin to dig a shaft.
You continue digging a shaft.
Rupert hits you with a +3 vorpal great sword!!
* * * LOW HITPOINT WARNING * * *
You die...

...... .......
.......###..#....
..#.##.##..#..#..
..##...............
................P.. ....
.....!............ .....
#................. .....
#.......@.....#.
#.P..#####.#..#.@.###...
P....#...#....#.........
......................#.
...................#....
.....#.##P........###...
###...#.##..###...# ...
#.....##...##..... ..
#.###..##..###...... #
##.##..P ...P..


You could see Rupert (berserk, corroded).

Vanquished Creatures
  Gastronok (Lair:2)
  2 hydras
  2 boulder beetles
  3 centaur warriors (D:13)
  2 tengu warriors (D:13)
  A two-headed ogre (D:11)
  2 skeletal warriors
  Pikel (D:7)
  An orb spider (Lair:3)
  An ugly thing (D:11)
  A manticore (D:12)
  2 cyclopes
  6 elephants (Lair:3)
  3 black mambas
  11 cane toads
  2 gargoyles
  2 unseen horrors
  3 torpor snails (Lair:2)
  3 komodo dragons
  2 rime drakes
  A queen bee (D:9)
  Grinder (D:4)
  5 trolls
  6 blink frogs
  Sigmund (D:5)
  A wyvern (D:8)
  A wraith (D:13)
  2 shadows (D:12)
  16 yaks
  2 vampires
  A basilisk (Lair:3)
  2 vampire mosquitoes (D:13)
  15 humans
  Menkaure (D:7)
  Duvessa (D:7)
  7 water moccasins
  2 orc warriors
  9 black bears
  2 ice beasts (D:6)
  2 ogres (D:6)
  9 centaurs
  A lemure (D:7)
  4 wolves (Lair:1)
  2 phantoms (D:12)
  6 kobold brigands (D:8)
  10 bullfrogs
  A gnoll sergeant (D:9)
  2 scorpions (D:6)
  A water moccasin zombie (D:9)
  33 killer bees
  A troll zombie (D:12)
  3 wights (D:6)
  4 howler monkeys
  3 centaur zombies
  2 orc priests
  6 hounds
  4 iguanas
  8 orc wizards
  6 ogre zombies (D:12)
  8 adders
  9 gnolls
  A river rat (Sewer)
  2 shadow imps (D:8)
  2 worms
  3 dart slugs
  26 orcs
  7 bats
  A bat zombie (D:13)
  9 endoplasms
  4 giant cockroaches
  2 goblins
  5 hobgoblins
  8 jackals
  A quokka (D:1)
  21 ball pythons
  5 frilled lizards
  4 goblin skeletons (D:12)
  3 goblin zombies (D:12)
  3 hobgoblin zombies (D:12)
  26 kobolds
  8 kobold skeletons (D:8)
  4 kobold zombies (D:8)
  An orc skeleton (D:12)
  10 orc zombies (D:12)
  32 rats
  A rat zombie (D:13)
441 creatures vanquished.

Vanquished Creatures (collateral kills)
  A vault guard (D:13)
  Fannar (Lair:2)
  A catoblepas (Lair:2)
  A centaur warrior (D:10)
  A two-headed ogre (D:11)
  A skeletal warrior (D:10)
  An ugly thing (D:13)
  2 centaur zombies
  2 cane toads
  An unseen horror (D:11)
  A kobold demonologist (D:8)
  A komodo dragon (Lair:2)
  A troll (D:7)
  A blink frog (Lair:3)
  A vampire (D:9)
  A steam dragon (D:6)
  A black bear (D:5)
  An orc warrior (D:11)
  An ice beast (D:5)
  An ogre (D:5)
  A wolf (Lair:1)
  2 kobold brigands (D:8)
  A bullfrog (D:8)
  Dowan (D:7)
  A troll zombie (D:12)
  A killer bee (D:9)
  A jelly (D:7)
  An orc priest (D:6)
  Jessica (D:3)
  An orc wizard (D:6)
  A gnoll (D:1)
  An adder (D:6)
  An ufetubus (D:6)
  2 orcs
  A ball python (D:1)
  An endoplasm (D:2)
  2 goblins (D:1)
  A goblin skeleton (D:12)
  2 hobgoblin zombies (D:12)
  6 kobolds
  3 kobold skeletons (D:8)
  3 kobold zombies (D:8)
  An orc zombie (D:12)
58 creatures vanquished.

Vanquished Creatures (others)
  9 hexers
  A shadow imp (D:6)
  8 fungi
  13 plants
31 creatures vanquished.

Grand Total: 530 creatures vanquished

Notes
Turn   | Place    | Note
-------+----------+-------------------------------------------
     0 | D:5      | Anon1729 the Formicid Delver began the quest for the Orb.
     0 | D:5      | Reached XP level 1. HP: 18/18 MP: 1/1
    23 | D:5      | Found Itzi's Antique Armour Emporium.
    24 | D:5      | Found Jot Leof's Weapon Emporium.
    87 | D:5      | Noticed an ice beast
    96 | D:5      | Noticed a black bear
   157 | D:5      | Noticed Sigmund
   177 | D:4      | Found a glowing drain.
   222 | D:4      | Found a white marble altar of Elyvilon.
   229 | D:4      | Found an iron altar of Okawaru.
   234 | D:4      | Found a hazy altar of Hepliaklqana.
   238 | D:4      | Became a worshipper of Hepliaklqana the Forgotten
   264 | Sewer    | Entered a sewer
   337 | Sewer    | Reached XP level 2. HP: 24/24 MP: 2/2
   432 | Sewer    | Reached XP level 3. HP: 25/30 MP: 3/3
   647 | Sewer    | Reached XP level 4. HP: 5/37 MP: 4/4
  1146 | Sewer    | Noticed a bullfrog
  1147 | Sewer    | Noticed a bullfrog
  1173 | Sewer    | Reached skill level 11 in Maces & Flails
  1173 | Sewer    | Reached XP level 5. HP: 10/42 MP: 5/5
  1201 | Sewer    | Killed a bullfrog
  1202 | Sewer    | Reached XP level 6. HP: 13/48 MP: 6/6
  2234 | D:4      | Reached * piety under Hepliaklqana
  2344 | D:4      | Noticed Grinder
  2875 | D:3      | Noticed Jessica
  2885 | D:3      | Killed Jessica
  3401 | D:3      | Reached XP level 7. HP: 23/48 MP: 7/7
  4268 | D:2      | Reached ** piety under Hepliaklqana
  4272 | D:2      | Remembered your ancestor Xiloxoch as a hexer
  4902 | D:1      | Found a faded altar of an unknown god.
  5158 | D:1      | Got the Compendium of the Traveller
  6417 | D:4      | Killed Grinder
  6418 | D:4      | Reached skill level 5 in Fighting
  6418 | D:4      | Reached XP level 8. HP: 47/55 MP: 8/8
  6729 | D:5      | You fall into a shaft and drop 3 floors!
  6729 | D:8      | Noticed a human
  6729 | D:8      | Noticed a human
  6729 | D:8      | Noticed a human
  6731 | D:8      | Noticed a human
  6752 | D:8      | Killed a human
  6766 | D:8      | Killed a human
  6767 | D:8      | Reached skill level 12 in Maces & Flails
  6777 | D:8      | Killed a human
  6778 | D:8      | Reached XP level 9. HP: 43/62 MP: 9/9
  6928 | D:8      | Found a shadowy altar of Dithmenos.
  7003 | D:8      | Noticed a five-headed hydra
  7082 | D:8      | Found a runed translucent gate.
  7082 | D:8      | Found a runed translucent gate.
  7082 | D:8      | Found a runed translucent gate.
  7082 | D:8      | Noticed bmj180's ghost (novice DrCj)
  7179 | D:7      | Noticed Menkaure
  7218 | D:7      | Killed Menkaure
  7272 | D:7      | Reached *** piety under Hepliaklqana
  7281 | D:7      | Reached XP level 10. HP: 62/69 MP: 10/10
  7460 | D:7      | Noticed Duvessa
  7485 | D:7      | Noticed Dowan
  7507 | D:7      | Killed Duvessa
  7507 | D:7      | Killed Dowan
  7556 | D:7      | Reached skill level 5 in Dodging
  7571 | D:7      | Reached XP level 11. HP: 73/74 MP: 10/16
  7624 | D:7      | Noticed Pikel
  7651 | D:7      | Killed Pikel
  8186 | D:8      | Found an ancient bone altar of Kikubaaqudgha.
  8337 | D:8      | Found a hide-covered altar of Uskayaw.
  8408 | D:8      | Found a burning altar of Makhleb.
  8424 | D:8      | Found a shimmering blue altar of Sif Muna.
  8812 | D:6      | Reached **** piety under Hepliaklqana
  9157 | D:6      | Found Cuafoneri's Antique Armour Boutique.
  9194 | D:6      | Bought a smouldering scale mail for 144 gold pieces
  9194 | D:6      | Identified the +1 scale mail "Imulacs" {Int+4} (You bought
                  | it in a shop on level 6 of the Dungeon)
  9347 | D:6      | Found a basalt altar of Yredelemnul.
  9498 | D:5      | Found an opulent altar of Gozag.
  9512 | D:5      | Found a bloodstained altar of Trog.
  9702 | D:5      | Found a staircase to the Ecumenical Temple.
 10054 | D:5      | Killed Sigmund
 10209 | D:5      | Bought a glowing scarf for 184 gold pieces
 10603 | D:9      | Reached XP level 12. HP: 65/82 MP: 17/19
 10683 | D:9      | Reached skill level 13 in Maces & Flails
 10691 | D:9      | Found Kioliank's Self-Improvement Boutique.
 11142 | D:10     | Entered Level 10 of the Dungeon
 11142 | D:10     | Found a glowing silver altar of Zin.
 11275 | D:10     | Found a staircase to the Lair.
 11311 | D:10     | Reached ***** piety under Hepliaklqana
 11458 | D:10     | Found a blossoming altar of Fedhas.
 11550 | D:10     | Noticed a centaur warrior
 11567 | D:10     | Killed a centaur warrior
 11857 | D:11     | Noticed a two-headed ogre
 11870 | D:11     | Killed a two-headed ogre
 11939 | D:11     | Reached skill level 10 in Invocations
 11980 | D:11     | Noticed a skeletal warrior
 11982 | D:11     | Noticed a skeletal warrior
 12101 | D:10     | Killed a skeletal warrior
 12162 | D:11     | Killed a skeletal warrior
 12297 | D:11     | Noticed a two-headed ogre
 12306 | D:11     | Killed a two-headed ogre
 12920 | D:11     | Noticed a skeletal warrior
 12975 | D:10     | Killed a skeletal warrior
 13036 | D:11     | Found Dolomemu's Distillery.
 13042 | D:11     | Bought a potion of curing for 39 gold pieces
 13042 | D:11     | Bought a potion of curing for 39 gold pieces
 13042 | D:11     | Bought a potion of brilliance for 52 gold pieces
 13079 | D:11     | Reached XP level 13. HP: 48/90 MP: 20/20
 13197 | D:11     | Reached skill level 10 in Armour
 13621 | D:12     | Identified the +4 chain mail of Stained Surprise {Stlth+}
 13666 | D:12     | Found a staircase to the Orcish Mines.
 13666 | D:12     | Noticed a boulder beetle
 13703 | D:12     | Killed a boulder beetle
 13949 | D:12     | Reached ****** piety under Hepliaklqana
 14275 | D:12     | Found a shimmering blue altar of Sif Muna.
 14450 | D:13     | Reached skill level 10 in Fighting
 14465 | D:13     | Noticed a vault guard
 14478 | D:13     | Killed a vault guard
 14495 | D:13     | Found a portal to a secret trove of treasure.
 14788 | D:13     | Noticed a centaur warrior
 14788 | D:13     | Noticed a centaur warrior
 14831 | D:13     | Killed a centaur warrior
 15019 | D:13     | Reached skill level 14 in Maces & Flails
 15151 | D:13     | Noticed a centaur warrior
 15158 | D:13     | Killed a centaur warrior
 15229 | D:13     | Killed a centaur warrior
 15282 | D:13     | Found an ancient bone altar of Kikubaaqudgha.
 15471 | Lair:1   | Entered Level 1 of the Lair of Beasts
 15676 | Lair:1   | Noticed a five-headed hydra
 15695 | Lair:1   | Killed a five-headed hydra
 15782 | Lair:1   | Reached XP level 14. HP: 99/99 MP: 22/22
 16537 | Lair:2   | Noticed Fannar
 16552 | Lair:2   | Killed Fannar
 16628 | Lair:2   | Found a snail-covered altar of Cheibriados.
 17018 | Lair:2   | Noticed Gastronok
 17034 | Lair:2   | Killed Gastronok
 17035 | Lair:2   | Reached skill level 1 in Evocations
 17394 | Lair:3   | Found a hole to the Spider Nest.
 18307 | Lair:4   | Noticed Rupert
 18319 | Lair:4   | Slain by Rupert

Illustrated notes

Levels and vault maps discovered:
D:1:      minmay_arrival_diagonal_passages, layout_basic, basic_ecumenical_altar
D:2:      layout_loops_ring
D:3:      layout_basic, wad_floor_pattern_untrapped, uniq_jessica
D:4:      layout_basic, grunt_temple_overflow_diamond,
          cheibrodos_sewer_entry_drain, minivault_4, uniq_grinder
D:5:      layout_basic, mainiacjoe_overflow_concentric_impassable,
          kennysheep_mini, minmay_temple_entry_nine_rooms, serial_shops,
          nicolae_shop_statue_plus, nicolae_stop_n_shop_2,
          nicolae_stop_n_shop_1, uniq_sigmund
D:6:      wander_river, layout_basic, marbit_many_paths, serial_shops,
          nicolae_shop_temple_entry_statues_fountains, kennysheep_generic_room_3
D:7:      layout_loops_cross, uniq_menkaure, uniq_duvessa, uniq_pikel
D:8:      wander_kiku_kobolds, layout_rooms, nicolae_uskayaw_dance_studio,
          lemuel_crystal_altar, mainiacjoe_overflow_big_doors,
          ebering_ghost_rock_garden, minmay_ruffians
D:9:      layout_basic, special_room [special_room_bee],
          chequers_serial_rivers_small_b, nicolae_shop_self_help
D:10:     layout_irregular_city, mainiacjoe_overflow_boulevard, fedhas_altar_3,
          dpeg_oklobed_lair, hangedman_decor_slide_cut, minmay_misc_feat_tiny,
          hangedman_decor_opposing
D:11:     erik_cavepeople, layout_layer_cave, serial_shops, shop
D:12:     layout_loops_ring, zombieorc2_lemuel, kennysheep_orc_sif_temple
D:13:     layout_basic, enter_trove_5, lemuel_zombie_altar_kikubaaqudgha
Lair:1:   layout_roguey, lemuel_another_geyser, grunt_megastairs_1
Lair:2:   layout_cellular_growth, kennysheep_snail_temple, grunt_megastairs_5,
          uniq_fannar, uniq_gastronok
Lair:3:   layout_misc_corridors, nicolae_spider_entry_orb_guardian,
          beast_lair_carwin_1
Lair:4:   layout_gridlike, minmay_shoals_entry_lonely_mermaid,
          portal_ice_cave_entry_pillars_2, serial_bayou_shore_a, uniq_rupert

Skill      XL: |  1  2  3  4  5  6  7  8  9 10 11 12 13 14 |
---------------+-------------------------------------------+-----
Dodging        | 2 3 4 5 |  5.0
Maces & Flails | 11 12 13 14 | 14.7
Fighting       | 4 5 6 8 9 10 11 | 11.6
Stealth        | 7 8 9 |  9.1
Armour         | 7 8 9 11 12 | 12.0
Invocations    | 7 9 10 11 12 | 12.8
Evocations     | 3 |  3.6

Action                   |  1- 3 |  4- 6 |  7- 9 | 10-12 | 13-15 || total
-------------------------+-------+-------+-------+-------+-------++-------
Melee: Mace              |    74 |    86 |       |       |       ||   160
       Whip              |       |    47 |   275 |    46 |       ||   368
       Flail             |       |       |       |   286 |       ||   286
       Dire flail        |       |       |       |   183 |   620 ||   803
Invok: Ancestor Life: He |       |       |     1 |       |       ||     1
       Recall Ancestor   |       |       |     1 |     1 |     1 ||     3
       Idealise          |       |       |       |       |     1 ||     1
 Abil: Dig               |     9 |     2 |     6 |     4 |     5 ||    26
       Shaft Self        |       |       |       |       |     1 ||     1
Evoke: Wand              |       |       |     3 |     2 |     5 ||    10
  Use: Potion            |       |     7 |       |     1 |       ||     8
       Scroll            |       |       |     3 |     9 |     7 ||    19
 Stab: Sleeping          |     1 |     4 |    24 |    18 |    13 ||    60
       Invisible         |       |     2 |       |       |       ||     2
       Distracted        |       |     1 |       |     3 |     9 ||    13
       Confused          |       |       |     2 |    13 |    15 ||    30
Armor: Leather armour    |    13 |    28 |    26 |       |       ||    67
       Troll leather arm |       |       |       |   103 |   161 ||   264
Dodge: Dodged            |    40 |    93 |    82 |   268 |   274 ||   757

Table legend: (Time is in decaauts)
 A = Elapsed time spent in this place.
 B = Non-inter-level travel time spent in this place.
 C = Inter-level travel time spent in this place.
 D = Time resting spent in this place.
 E = Time spent auto-exploring this place.
 F = Levels seen in this place.
 G = Mean time per level.
                   A        B        C        D        E       F      G
               +--------+--------+--------+--------+--------+-----+--------+
         Total |  17958 |  17073 |    885 |   1648 |  11591 |  18 |  997.7 |
       Dungeon |  13512 |  12669 |    843 |    944 |   9110 |  13 | 1039.4 |
          Lair |   2727 |   2686 |     41 |     46 |   2088 |   4 |  681.8 |
         Sewer |   1718 |   1718 |      0 |    658 |    391 |   1 | 1718.0 |
               +--------+--------+--------+--------+--------+-----+--------+

Top non-repeatable levels by time:
   Sewer: 1718 daAuts
    D:11: 1505 daAuts
     D:5: 1448 daAuts
     D:4: 1213 daAuts
     D:3: 1144 daAuts
  Lair:2: 1074 daAuts
     D:8: 1072 daAuts
     D:1: 1060 daAuts
     D:2: 944 daAuts
    D:10: 926 daAuts
    D:12: 863 daAuts
     D:7: 856 daAuts
    D:13: 838 daAuts
     D:6: 830 daAuts
     D:9: 808 daAuts
